 Dungeon Crawl Stone Soup version 0.23.2-33-g5129a83184 (webtiles) character file.

Game seed: 3793763145583211675

49 DildoBatman the Magician (level 4, 0/30 HPs)
             Began as a Formicid Wizard on Aug 9, 2019.
             Slain by a kobold (2 damage)
             ... on level 1 of the Dungeon.
             The game lasted 00:03:37 (1159 turns).

DildoBatman the Magician (Formicid Wizard)          Turns: 1159, Time: 00:03:38

Health: 0/30       AC:  4    Str: 12    XL:     4   Next: 2%
Magic:  8/8        EV: 10    Int: 18    God:
Gold:   26         SH:  0    Dex:  9    Spells: 2/9 levels left

rFire    . . .     SeeInvis +   i - +0 short sword
rCold    . . .     Gourm    .   (no shield)
rNeg     . . .     Faith    .   h - -1 ring mail (curse)
rPois    .         Spirit   .   (helmet unavailable)
rElec    .         Reflect  .   (no cloak)
rCorr    .         Harm     .   (no gloves)
MR       .....                  (no boots)
Stlth    +.........             (no amulet)
HPRegen  0.10/turn              (no ring)
MPRegen  0.11/turn              (no ring)

@: no status effects
A: permanent stasis, dig shafts and tunnels, four strong arms, antennae 3
a: Dig, Shaft Self


You were on level 1 of the Dungeon.
You were not hungry.

You visited 1 branch of the dungeon, and saw 1 of its levels.

You collected 26 gold pieces.

Inventory:

Hand Weapons
 d - a +0 dagger
 i - a +0 short sword (weapon)
Missiles
 b - 58 stones (quivered)
 c - 18 sling bullets
 e - 23 poisoned needles
Armour
 a - a +0 robe
 h - a cursed -1 ring mail (worn)
Scrolls
 f - a scroll of enchant armour {unknown}
 j - a scroll of identify {unknown}
Potions
 k - a potion of heal wounds {unknown}
Comestibles
 g - 8 chunks of flesh
 v - 2 rations


   Skills:
 - Level 1.7 Dodging
 - Level 2.4 Stealth
 - Level 3.2 Spellcasting
 * Level 3.2 Conjurations
   Level 1.0 Summonings
   Level 0.8 Translocations


You had 2 spell levels left.
You knew the following spells:

 Your Spells              Type           Power        Failure   Level  Hunger
a - Conjure Flame         Conj/Fire      #.......     50%         3    ###....
c - Magic Dart            Conj           ##..         10%         1    None
e - Mephitic Cloud        Conj/Pois/Air  #.......     56%         3    ###....

Your spell library contained the following spells:

 Spells                   Type           Power        Failure   Level  Hunger
 Call Imp                 Summ           #.......     36%         2    ##.....
 Slow                     Hex            #.......     50%         2    ##.....
 Blink                    Tloc           Unusable     N/A         2    N/A

Dungeon Overview and Level Annotations

Branches:
Dungeon (1/15)

Altars:


Innate Abilities, Weirdness & Mutations

You cannot be hasted, slowed, berserked, paralysed or teleported.
You can dig through walls and to a lower floor.
Your four strong arms can wield two-handed weapons with a shield.
You have a pair of large antennae on your head. (SInv)


Message History

Anything else - Cancel.
You shout for attention!
The kobold hits you but does no damage. What are your orders? t - Shout!
Orders for allies: a - Attack new target. r - Retreat! s - Stop attacking. g - Guard the area. f - Follow me.
Anything else - Cancel.
You shout for attention!
The kobold barely misses you. What are your orders? t - Shout!
Orders for allies: a - Attack new target. r - Retreat! s - Stop attacking. g - Guard the area. f - Follow me.
Anything else - Cancel.
You shout for attention!
The kobold hits you.
You die...

.. ......
.......######
............#
#.......!...#
#.........>.#
#.....[.....#
#.......#.#.##########
........K@).........>#
.#.....#.#.########.#
#.......).# #.# {
#.....##.## #.#
#........# #.# ###
#.....#### #.# ..##
#.....# #.# #..#
#.....# #.# ##.#
##.#### ##### ###.#


You could see a kobold.

Vanquished Creatures
  3 oozes (D:1)
  A dart slug (D:1)
  A giant cockroach (D:1)
  5 goblins (D:1)
  3 hobgoblins (D:1)
  4 jackals (D:1)
  A ball python (D:1)
  2 bats (D:1)
  4 frilled lizards (D:1)
  5 kobolds (D:1)
  6 rats (D:1)
35 creatures vanquished.

Notes
Turn   | Place    | Note
-------+----------+-------------------------------------------
     0 | D:1      | DildoBatman the Formicid Wizard began the quest for the
                  | Orb.
     0 | D:1      | Reached XP level 1. HP: 13/13 MP: 4/4
    18 | D:1      | Reached skill level 1 in Conjurations
   253 | D:1      | Reached XP level 2. HP: 14/19 MP: 0/6
   576 | D:1      | Reached XP level 3. HP: 24/24 MP: 3/7
   581 | D:1      | Learned a level 3 spell: Conjure Flame
   585 | D:1      | Learned a level 3 spell: Mephitic Cloud
  1075 | D:1      | Reached XP level 4. HP: 26/30 MP: 0/8
  1155 | D:1      | HP: 1/30 [kobold (1)]
  1159 | D:1      | Slain by a kobold

Skill      XL: |  1  2  3 |
---------------+----------+-----
Conjurations   | 1 2 3 |  3.2
Dodging        | |  1.7
Stealth        | |  2.4
Spellcasting   | |  3.2
Summonings     | |  1.0
Translocations | |  0.8

Action                   |  1- 3 |  4- 6 || total
-------------------------+-------+-------++-------
Melee: Dagger            |     9 |       ||     9
       Short sword       |    24 |     1 ||    25
 Cast: Magic Dart        |    76 |       ||    76
 Abil: Dig               |     3 |       ||     3
 Stab: Sleeping          |     1 |       ||     1
  Eat: Chunk             |     1 |       ||     1
Armor: Ring mail         |    18 |    16 ||    34
       Robe              |     2 |       ||     2
Dodge: Dodged            |    27 |    25 ||    52
